 Dungeon Crawl Stone Soup version 0.30.1-3-gfc49f6343a (webtiles) character file.

Game seed: 3155020445709837864

490 Heoruswealwe the Magician (level 6, -11/32 HPs)
             Began as a Deep Elf Conjurer on July 27, 2023.
             Engulfed by a cloud of flame (13 damage)
             ... on level 4 of the Dungeon.
             The game lasted 00:33:48 (3305 turns).

Heoruswealwe the Magician (Deep Elf Conjurer)       Turns: 3305, Time: 00:33:51

Health: -11/32     AC:  6    Str: 10    XL:     6   Next: 90%
Magic:  7/18       EV: 12    Int: 25    God:
Gold:   103        SH:  0    Dex: 13    Spells: 1/19 levels left

rFire   . . .        (no weapon)
rCold   . . .        (no shield)
rNeg    . . .        c - +0 animal skin
rPois   .            g - +2 helmet
rElec   .            (no cloak)
rCorr   .            f - +0 pair of gloves
SInv    .            (no boots)
Will    .....        (no amulet)
Stlth   ++           k - ring of wizardry
HPRegen 0.25/turn    j - +6 ring of strength
MPRegen 0.16/turn

%: wizardry (x1)
@: weakened
A: no striking features
a: no special abilities


You were on level 4 of the Dungeon.
You visited 1 branch of the dungeon, and saw 4 of its levels.

You collected 103 gold pieces.

Inventory:

Hand Weapons
 b - a +0 war axe
 t - a +0 arbalest
Armour
 c - a +0 animal skin (worn)
 f - a +0 pair of gloves (worn)
 g - a +2 helmet (worn)
 q - a +0 robe
 s - a +0 robe
 u - a +0 robe
Jewellery
 j - a +6 ring of strength (right hand)
 k - a ring of wizardry (left hand)
Scrolls
 a - a scroll of vulnerability {unknown}
 d - a scroll of brand weapon {unknown}
 h - a scroll of acquirement {unknown}
 l - a scroll of blinking {unknown}
 m - a scroll of immolation
 n - 3 scrolls of teleportation
 v - a scroll of magic mapping {unknown}
 w - 3 scrolls of identify {unknown}
 A - 3 scrolls of poison
Potions
 e - 2 potions of mutation {unknown}
 i - 4 potions of curing
 o - 2 potions of brilliance {unknown}
 p - a potion of heal wounds {unknown}
 r - a potion of lignification {unknown}
 x - a potion of resistance
 y - 4 potions of attraction {unknown}
 z - a potion of haste {unknown}
 B - a potion of invisibility {unknown}


   Skills:
 - Level 2.4 Dodging
 - Level 2.4 Stealth
 + Level 7.3 Spellcasting
 + Level 7.1 Conjurations


You had one spell level left.
You knew the following spells:

 Your Spells              Type           Power      Damage    Failure   Level
a - Magic Dart            Conj           100%       1d8       1%          1
b - Searing Ray           Conj           90%        2d7       1%          2
c - Dazzling Flash        Conj/Hex       54%        N/A       1%          3
d - Fulminant Prism       Conj/Hex       13%        3d8       6%          4
e - Iskenderun's Mystic   Conj/Tloc      27%        2d7       6%          4
f - Flame Wave            Conj/Fire      27%        2d9       6%          4

Your spell library contained the following spells:

 Spells                   Type           Power      Damage    Failure   Level
 Sticky Flame             Conj/Fire      27%        2d5       6%          4
 Inner Flame              Hex/Fire       9%         N/A       8%          3
 Malign Gateway           Summ/Tloc      4%         N/A       100%        7
 Summon Horrible Things   Summ           4%         N/A       100%        8


Dungeon Overview and Level Annotations

Branches:
Dungeon (4/15)
 Temple: D:4-7

Altars:
Hepliaklqana

Annotations:
D:4 1 transporter


Message History

You feel your attacks grow feeble.
There is an open translucent door here.
The gnoll bouda barks out a call to the hunt!
The gnoll picks up the pace!
The gnoll zaps a wand.
You resist with some effort.
Casting: Magic Dart (safe; 1% risk of failure)
Confirm with . or Enter, or press ? or * to list all spells.
The spell is quite dangerous to miscast (6% risk of failure)!
Continue anyway?
You erupt in a blast of force!
The mystic blast hits the gnoll.
The gnoll is moderately wounded.
The gnoll is knocked back by the mystic blast.
The mystic blast hits CaptainMV's ghost!
CaptainMV's ghost is moderately damaged.
CaptainMV's ghost is knocked back by the mystic blast.
Your attacks no longer feel as feeble.
The gnoll bouda gazes fiercely through you!
You feel your attacks grow feeble.
Really read the scroll of immolation?
As you read the scroll of immolation, it crumbles to dust.
The creatures around you are filled with an inner flame!
Casting: Iskenderun's Mystic Blast (quite dangerous; 6% risk of failure)
Confirm with . or Enter, or press ? or * to list all spells.
The spell is quite dangerous to miscast (6% risk of failure)!
Continue anyway?
You erupt in a blast of force!
The mystic blast hits CaptainMV's ghost!
Flame seeps out of CaptainMV's ghost.
CaptainMV's ghost is heavily damaged.
CaptainMV's ghost is engulfed in blazing flames.
Flame seeps out of CaptainMV's ghost.
Casting: Iskenderun's Mystic Blast (quite dangerous; 6% risk of failure)
Confirm with . or Enter, or press ? or * to list all spells.
The spell is quite dangerous to miscast (6% risk of failure)!
Continue anyway?
You erupt in a blast of force!
The mystic blast hits CaptainMV's ghost.
CaptainMV's ghost explodes!
The fiery explosion engulfs you!!
Ouch! That really hurt!
* * * LOW HITPOINT WARNING * * *
You are engulfed in blazing flames.
You die...

.#................######
...#.................).#
.##..≈≈≈≈≈≈≈≈~≈≈≈≈≈≈≈≈.#
##...≈≈≈≈≈≈≈≈~≈≈≈≈≈≈≈≈.#
.#...≈≈####.....####≈≈.##
.....≈≈#.g#8###8#..#≈≈..#
.....≈≈#..###.###..#≈≈).#
...#.≈≈#...........#≈≈..#
.#.#.≈≈###.##'##@###≈≈..#
.#.<.≈≈..#.#$$$#§#..≈≈..#
.....≈≈.##.#...#○##.≈≈..#
.....≈≈.#..#?:"#gg#.≈≈..#
#.##.≈≈.##.#####g##.≈≈..#
.........#.#8g8#g#..≈≈..#
..#.....©#g'g©.g.#©.~~..#
.###.....#.#.gg#.#..≈≈..#
.# #.≈≈.##W##.##.##.≈≈..#


You could see a gnoll bouda (inner flame) and 4 gnolls.

Vanquished Creatures
  The ghost of CaptainMV the Grasshopper, an amateur DsWn (D:4)
  A phantom (D:4)
  2 hounds (D:4)
  A jelly (D:4)
  3 orc priests
  A sleepcap (D:4)
  2 orc wizards (D:4)
  Robin (D:4)
  5 adders
  A worm (D:3)
  3 dart slugs
  11 orcs
  9 ball pythons
  7 endoplasms
  3 giant cockroaches
  13 goblins
  12 hobgoblins
  2 jackals (D:4)
  3 quokkas
  A bat (D:3)
  5 frilled lizards
  6 kobolds
  5 rats
98 creatures vanquished.

Notes
Turn   | Place    | Note
-------+----------+-------------------------------------------
     0 | D:1      | Heoruswealwe the Deep Elf Conjurer began the quest for the
                  | Orb.
     0 | D:1      | Reached XP level 1. HP: 10/10 MP: 6/6
   191 | D:1      | Reached XP level 2. HP: 15/15 MP: 5/8
   194 | D:1      | Learned a level 2 spell: Searing Ray
   632 | D:2      | Reached skill level 5 in Conjurations
   632 | D:2      | Reached XP level 3. HP: 19/19 MP: 0/10
   636 | D:2      | Learned a level 3 spell: Dazzling Flash
  1643 | D:3      | Reached XP level 4. HP: 24/24 MP: 2/12
  1695 | D:3      | Reached skill level 5 in Spellcasting
  1700 | D:3      | Learned a level 4 spell: Fulminant Prism
  2218 | D:4      | Noticed a phantom
  2225 | D:4      | Killed a phantom
  2226 | D:4      | Reached XP level 5. HP: 28/28 MP: 6/15
  2231 | D:4      | Learned a level 4 spell: Iskenderun's Mystic Blast
  2312 | D:4      | Noticed Robin
  2331 | D:4      | Killed Robin
  2445 | D:4      | Reached XP level 6. HP: 20/32 MP: 3/17
  2649 | D:4      | Found a hazy altar of Hepliaklqana.
  2742 | D:4      | Learned a level 4 spell: Flame Wave
  2965 | D:4      | Found a transporter.
  2993 | D:4      | Noticed CaptainMV's ghost (amateur DsWn)
  3037 | D:4      | Found a transporter.
  3088 | D:4      | Identified the +6 spear "Gaje" {venom, Dex+5}
  3305 | D:4      | Killed CaptainMV's ghost
  3305 | D:4      | Engulfed by a cloud of flame

Illustrated notes

Levels and vault maps discovered:
D:1:      dpeg_arrival_rooms_a, layout_loops_ring
D:2:      layout_basic, grunt_decor_arrowhead
D:3:      layout_basic
D:4:      layout_cave_pools, kennysheep_mini, gammafunk_ghost_gnarly_gnolls,
          serial_column_ruins, column_ruins_hut_pillars, column_ruins_columns_T,
          column_ruins_columns_corner, column_ruins_columns_straight,
          column_ruins_columns_straight, column_ruins_grid_3, uniq_robin

Skill      XL: |  1  2  3  4  5  6 |
---------------+-------------------+-----
Spellcasting   | 4 5 6 7 |  7.3
Conjurations   | 5 6 7 |  7.1
Dodging        | |  2.4
Stealth        | |  2.4

Action                     |  1- 3 |  4- 6 || total
---------------------------+-------+-------++-------
   Cast: Magic Dart        |    81 |   121 ||   202
         Searing Ray       |       |     6 ||     6
         Iskenderun's Myst |       |     3 ||     3
    Use: Potion            |       |     2 ||     2
         Scroll            |       |     4 ||     4
 Armour: Robe              |     1 |     3 ||     4
         Animal skin       |       |     2 ||     2
  Dodge: Dodged            |     3 |    16 ||    19
